 Dungeon Crawl Stone Soup version 0.28-a0-779-g3d1f99b579 (webtiles) character file.

Game seed: 18097215755841317426

60 meatgazer the Unweaver (level 3, 0/29 HPs)
             Began as a Demonspawn Abyssal Knight on Nov 2, 2021.
             Was a Follower of Lugonu.
             Slain by Terence (6 damage)
             ... on level 2 of the Dungeon.
             The game lasted 00:03:04 (1656 turns).

meatgazer the Unweaver (Demonspawn Abyssal Knight)  Turns: 1656, Time: 00:03:05

Health: 0/29       AC: 15    Str: 14    XL:     3   Next: 82%
Magic:  5/5        EV:  4    Int: 13    God:    Lugonu [*.....]
Gold:   65         SH:  4    Dex: 13    Spells: 2/2 levels left

rFire   + . .      SeeInvis .   a - +1 falchion
rCold   . . .      Faith    .   (no shield)
rNeg    . . .      Spirit   .   f - +0 plate armour of Cheibriados's Pride {rF+ Int+2 Stlth+}
rPois   .          Reflect  .   (no helmet)
rElec   .          Harm     .   c - +0 cloak
rCorr   .          Rampage  .   (no gloves)
Will    .....                   d - +2 pair of boots {Fly}
Stlth   ..........              (no amulet)
HPRegen 0.09/turn               (no ring)
MPRegen 0.09/turn               (no ring)

@: flying
A: spiny 1, condensation shield
a: Renounce Religion, Depart the Abyss


You were on level 2 of the Dungeon.
You worshipped Lugonu.
Lugonu was aware of your devotion.
You visited 1 branch of the dungeon, and saw 2 of its levels.
You visited the Abyss 1 time.

You collected 65 gold pieces.

Inventory:

Hand Weapons
 a - a +1 falchion (weapon)
Armour
 c - a +0 cloak (worn)
 d - a +2 pair of boots of flying (worn)
 f - the +0 plate armour of Cheibriados's Pride (worn) {rF+ Int+2 Stlth+}
   (You found it on level 3 of the Abyss)

   Int:       It affects your intelligence (+2).
   rF:        It protects you from fire.
   Stlth:     It makes you more stealthy.
Magical Staves
 e - a staff of poison
Scrolls
 b - a scroll of fog
 h - a scroll of fear


   Skills:
 + Level 3.4 Fighting
 + Level 2.3 Long Blades
 + Level 2.3 Armour
 - Level 0.8 Dodging
 * Level 3.9 Invocations


You had 2 spell levels left.
You didn't know any spells.
Your spell library contained the following spells:

 Spells                   Type           Power      Damage    Failure   Level
 Tukima's Dance           Hex            0%         N/A       100%        3
 Passage of Golubria      Tloc           0%         N/A       100%        4
 Yara's Violent Unravell  Hex/Tmut       0%         3d3       100%        5


Dungeon Overview and Level Annotations

Branches:
Dungeon (2/15)

Altars:

Annotations:
D:2 Terence


Innate Abilities, Weirdness & Mutations

You are partially covered in sharp spines.
A meltable shield of frost defends you. (SH +4)


Message History

The endoplasm quivers.
Terence the Incautious comes into view.
He is wielding a +6 vorpal flail.
The endoplasm freezes you.
You are frozen.
You hit the endoplasm.
The endoplasm is almost dead.
The endoplasm is struck by your spines.
You kill the endoplasm!
Lugonu accepts your kill.
Terence hits you with a +6 vorpal flail.
You hit Terence but do no damage. Terence hits you but does no damage.
You block Terence's attack.
You barely miss Terence. You block Terence's attack.
Your plate armour of Cheibriados's Pride prevents you from hitting Terence.
Terence barely misses you.
You hit Terence but do no damage.
Terence hits you with a +6 vorpal flail!
* * * LOW HITPOINT WARNING * * *
You are too injured to fight recklessly!
You are too injured to fight recklessly!
You are too injured to fight recklessly!
Terence is nearby!
It was a potion of heal wounds.
You feel much better. Terence is struck by your spines.
Terence hits you with a +6 vorpal flail!
You hit Terence.
Terence is moderately wounded.
Terence hits you but does no damage.
You hit Terence.
Terence is heavily wounded.
Terence hits you but does no damage.
Terence hits you with a +6 vorpal flail!
* * * LOW HITPOINT WARNING * * *
x2 You barely miss Terence.
Terence is heavily wounded.
Terence is struck by your spines. Terence hits you but does no damage.
You hit Terence but do no damage.
Terence is heavily wounded.
Terence hits you with a +6 vorpal flail.
You die...

........r###.## #.##
####...## ##.# #..#
#.##.###.## ##.# #
#.###.#.## #.. #.
##.####.## ##.#
#.###...###.######§##
#...............)).#
##...#...###<######)##
#....@..## #.# ##g#
##..@#### #.# #§r #...
..# #§# ....# ### #.#
....#. ..# ###.#. #.##
. # #. . #. ..


You could see Terence.

Vanquished Creatures
  3 gnolls (D:2)
  3 endoplasms
  4 giant cockroaches (D:1)
  4 goblins (D:1)
  2 hobgoblins (D:1)
  3 kobolds (D:1)
  4 ball pythons (D:1)
  2 bats (D:1)
  2 frilled lizards (D:1)
  3 rats
30 creatures vanquished.

Vanquished Creatures (others)
  A hell hound (Abyss:3)
1 creature vanquished.

Grand Total: 31 creatures vanquished

Notes
Turn   | Place    | Note
-------+----------+-------------------------------------------
     0 | Abyss:1  | meatgazer the Demonspawn Abyssal Knight began the quest for
                  | the Orb.
     0 | Abyss:1  | Reached XP level 1. HP: 18/18 MP: 2/2
    90 | Abyss:3  | Identified the +0 plate armour of Cheibriados's Pride {rF+
                  | Int+2 Stlth+}
    96 | Abyss:3  | Noticed a lich
    96 | Abyss:3  | Noticed a quasit
   102 | Abyss:3  | Noticed a hell hound
   102 | Abyss:3  | Noticed a hell hound
   103 | Abyss:3  | Noticed a hell hound
   106 | Abyss:3  | Noticed a ynoxinul
   109 | Abyss:3  | Killed a hell hound
   111 | Abyss:3  | Noticed a small abomination
   123 | Abyss:3  | Noticed a wretched star
   123 | Abyss:3  | Noticed a smoke demon
   124 | D:1      | Escaped the Abyss
   533 | D:1      | Gained mutation: You are partially covered in sharp spines.
                  | [demonic ancestry]
   533 | D:1      | Reached XP level 2. HP: 24/24 MP: 4/4
   818 | D:1      | Reached * piety under Lugonu
  1139 | D:1      | Gained mutation: A meltable shield of frost defends you.
                  | (SH +4) [demonic ancestry]
  1139 | D:1      | Reached XP level 3. HP: 29/29 MP: 5/5
  1644 | D:2      | Noticed Terence
  1656 | D:2      | Slain by Terence

Illustrated notes

Levels and vault maps discovered:
D:1:      lightli_arrival_maybe_door_vault, layout_basic
D:2:      layout_loops_ring, basic_altar, uniq_sigmund, uniq_terence

Skill      XL: |  1  2 |
---------------+-------+-----
Long Blades    | 2 |  2.3
Invocations    | 3 |  3.9
Armour         | 2 |  2.3
Fighting       | |  3.4
Dodging        | |  0.8

Action                   || total
-------------------------++-------
Melee: Falchion          ||    66
Invok: Depart the Abyss  ||     1
  Use: Scroll            ||     6
       Potion            ||     1
Armor: Plate armour      ||    52
Dodge: Dodged            ||    11
Block: Other             ||     3

Table legend: (Time is in decaauts)
 A = Elapsed time spent in this place.
 B = Non-inter-level travel time spent in this place.
 C = Inter-level travel time spent in this place.
 D = Time resting spent in this place.
 E = Time spent auto-exploring this place.
 F = Levels seen in this place.
 G = Mean time per level.
                   A        B        C        D        E       F      G
               +--------+--------+--------+--------+--------+-----+--------+
         Total |   1667 |   1649 |     18 |    569 |    799 |   5 |  333.4 |
       Dungeon |   1544 |   1526 |     18 |    569 |    748 |   2 |  772.0 |
         Abyss |    123 |    123 |      0 |      0 |     51 |   3 |   41.0 |
               +--------+--------+--------+--------+--------+-----+--------+

Top non-repeatable levels by time:
     D:1: 1093 daAuts
     D:2: 451 daAuts
 Abyss:3: 91 daAuts
 Abyss:2: 28 daAuts
 Abyss:1: 3 daAuts
